 Dungeon Crawl Stone Soup version 0.30.1 (webtiles) character file.

Game seed: 18268457066009434755

72 Peloso the Covered (level 4, 0/40 HPs)
             Began as a Minotaur Fighter on July 4, 2023.
             Was an Initiate of Okawaru.
             Slain by an ice beast (9 damage)
             ... on level 3 of the Dungeon.
             The game lasted 00:02:34 (1806 turns).

Peloso the Covered (Minotaur Fighter)               Turns: 1806, Time: 00:02:36

Health: 0/40       AC:  9    Str: 20    XL:     4   Next: 7%
Magic:  3/3        EV:  7    Int:  5    God:    Okawaru [......]
Gold:   54         SH:  5    Dex: 12    Spells: 3/3 levels left

rFire   . . .        a - +0 long sword
rCold   . . .        d - +0 buckler
rNeg    . . .        c - +0 chain mail
rPois   .            (helmet restricted)
rElec   .            (no cloak)
rCorr   .            (no gloves)
SInv    .            (no boots)
Will    .....        (no amulet) Stlth
                     (no ring)
HPRegen 0.26/turn    (no ring)
MPRegen 0.08/turn

%: no passive effects
@: no status effects
A: horns 2, retaliatory headbutt
a: Renounce Religion


You were on level 3 of the Dungeon.
You worshipped Okawaru.
Okawaru was noncommittal.
You visited 1 branch of the dungeon, and saw 3 of its levels.

You collected 54 gold pieces.

Inventory:

Hand Weapons
 a - a +0 long sword (weapon)
 b - the +1 mace of Saltpetre {holy, rC+}
   (You found it on level 3 of the Dungeon)

   rC:        It protects you from cold.
Armour
 c - a +0 chain mail (worn)
 d - a +0 buckler (worn)
Jewellery
 h - an amulet of regeneration
Wands
 j - a wand of mindburst (16)
 l - a wand of flame (12)
Scrolls
 g - a scroll of teleportation {unknown}
 i - a scroll of identify {unknown}
 m - a scroll of magic mapping {unknown}
Potions
 e - a potion of might
 f - 3 potions of curing
 k - a potion of mutation {unknown}


   Skills:
 + Level 4.1 Fighting
 + Level 3.4 Long Blades
 + Level 4.6 Armour
 + Level 0.2 Dodging
 + Level 4.1 Shields


You had 3 spell levels left.
You didn't know any spells.
Your spell library was empty.

Dungeon Overview and Level Annotations

Branches:
Dungeon (3/15)

Altars:
Okawaru
Vehumet


Innate Abilities, Weirdness & Mutations

You have a pair of horns on your head.
You reflexively headbutt those who attack you in melee.


Message History

Things that are here:
a +0 whip; 5 stones You see here the +1 mace of Saltpetre {holy, rC+}.
You hit the rat.
You kill the rat!
Okawaru accepts your kill.
You drop a +0 scale mail.
You see here the +1 mace of Saltpetre {holy, rC+}.
b - the +1 mace of Saltpetre {holy, rC+} You see here a +0 scale mail.
Found a stone staircase leading up.
There is a stone staircase leading up here.
There is a stone staircase leading down here.
m - a scroll labelled QOWETIMUUS An ice beast comes into view.
An ice beast is nearby!
An ice beast is nearby!
You barely miss the ice beast.
The ice beast hits you but does no damage.
You hit the ice beast but do no damage. You headbutt the ice beast.
The ice beast is lightly wounded.
The ice beast hits you but does no damage.
You hit the ice beast but do no damage.
The ice beast is lightly wounded.
The ice beast hits you. The ice beast freezes you!
You barely miss the ice beast. Your headbutt misses the ice beast.
The ice beast is lightly wounded.
The ice beast hits you. The ice beast freezes you!
* * * LOW HITPOINT WARNING * * *
The ice beast hits you but does no damage.
You slash the ice beast!
The ice beast is heavily wounded.
The ice beast hits you but does no damage.
You barely miss the ice beast.
You headbutt the ice beast, but do no damage.
The ice beast is heavily wounded.
The ice beast hits you.
* * * LOW HITPOINT WARNING * * *
The ice beast freezes you!
You die...

#..##.#
#.# #.#
......#
#.# #.#
##.####
#.# #.#
#...
..# #.#
. ...
#.#
.###
#.# #.#
#.# #@#
#Y# #.#
...
...##
.....
.#####
#. #


You could see an ice beast.

Vanquished Creatures
  3 adders (D:2)
  2 ball pythons (D:2)
  4 endoplasms
  2 giant cockroaches
  4 goblins
  5 hobgoblins
  5 quokkas
  10 bats
  2 frilled lizards
  4 kobolds
  2 rats
43 creatures vanquished.

Notes
Turn   | Place    | Note
-------+----------+-------------------------------------------
     0 | D:1      | Peloso the Minotaur Fighter began the quest for the Orb.
     0 | D:1      | Reached XP level 1. HP: 19/19 MP: 0/0
   291 | D:1      | Reached XP level 2. HP: 24/27 MP: 1/1
   690 | D:2      | Found an iron altar of Okawaru.
   700 | D:2      | Became a worshipper of Warmaster Okawaru
   787 | D:2      | Reached XP level 3. HP: 32/33 MP: 2/2
  1595 | D:3      | Reached XP level 4. HP: 40/40 MP: 3/3
  1650 | D:3      | Found a radiant altar of Vehumet.
  1719 | D:3      | Identified the +1 mace of Saltpetre {holy, rC+}
  1798 | D:3      | Noticed an ice beast
  1806 | D:3      | Slain by an ice beast

Illustrated notes

Levels and vault maps discovered:
D:1:      spicycebolla_arrival_ecumenical, layout_rooms
D:2:      layout_loops_ring, basic_altar, kennysheep_small_spiral
D:3:      layout_loops_ring, vehumet_altar_wand_db

Skill      XL: |  1  2  3 |
---------------+----------+-----
Fighting       | 4 |  4.1
Armour         | 4 |  4.6
Shields        | 4 |  4.1
Long Blades    | 3 |  3.4
Dodging        | |  0.2

Action                     |  1- 3 |  4- 6 || total
---------------------------+-------+-------++-------
  Melee: Long sword        |    85 |    12 ||    97
         Headbutt          |     7 |     3 ||    10
    Use: Potion            |     1 |       ||     1
         Scroll            |     2 |       ||     2
 Armour: Chain mail        |    66 |     7 ||    73
         Scale mail        |     1 |       ||     1
  Dodge: Dodged            |    35 |       ||    35
  Block: Buckler           |    27 |       ||    27
